 Dungeon Crawl Stone Soup version 0.27.1-1-g398f81649c (console) character file.

Game seed: 713050896414285212

81 thromnambular the Sneak (level 4, -2/34 HPs)
             Began as a Djinni Brigand on Sept 13, 2021.
             Was a Follower of Makhleb.
             Slain by a gnoll (8 damage)
             ... on level 1 of the Dungeon.
             The game lasted 00:04:48 (2530 turns).

thromnambular the Sneak (Djinni Brigand)            Turns: 2530, Time: 00:04:49

Health: -2/34      AC:  3    Str: 11    XL:     4   Next: 67%
Gold:   68         EV: 12    Int: 13    God:    Makhleb [*.....] SH:  0 Dex: 14

rFire    + + .     SeeInvis .   h - +0 hand axe
rCold    x . .     Faith    .   (no shield)
rNeg     . . .     Spirit   .   b - +0 robe
rPois    ∞         Reflect  .   (no helmet)
rElec    .         Harm     .   c - +0 cloak
rCorr    .         Rampage  .   (no gloves)
Will     .....                  (boots unavailable)
Stlth    ++........             (no amulet)
HPRegen  0.11/turn              (no ring)
MPRegen  0.00/turn              (no ring)

@: flying
A: sickness immunity, fire resistance 2, cold vulnerability 1, float, innate
caster, hp casting, extra vitality 1
a: Renounce Religion


You were on level 1 of the Dungeon.
You worshipped Makhleb.
Makhleb was aware of your devotion.
You visited 1 branch of the dungeon, and saw 2 of its levels.

You collected 68 gold pieces.

Inventory:

Hand Weapons
 h - a +0 hand axe (weapon)
Missiles
 d - a poisoned dart (quivered)
 e - a curare-tipped dart
Armour
 b - a +0 robe (worn)
 c - a +0 cloak (worn)
Scrolls
 a - a scroll of enchant armour {unknown}
 f - a scroll of immolation {unknown}
 g - a scroll of noise {unknown}
 i - a scroll of magic mapping {unknown}
 j - a scroll of identify {unknown}


   Skills:
 + Level 2.8 Fighting
 - Level 2.0 Short Blades
 + Level 1.4 Axes
 - Level 1.5 Throwing
 + Level 2.6 Dodging
 - Level 3.4 Stealth


You had 2 spell levels left.
You knew the following spells:

 Your Spells              Type           Power      Damage    Failure   Level
a - Shock                 Conj/Air       0%         1d3       30%         1
Your spell library was empty.

Dungeon Overview and Level Annotations

Branches:
Dungeon (2/15)

Altars:
Makhleb


Innate Abilities, Weirdness & Mutations

You are immune to sickness and miasma.
You are immune to poison.
Your flesh is very heat resistant. (rF++)
You are vulnerable to cold. (rC-)
You float through the air rather than walking.
You learn spells naturally, not from books.
Your magical power is your life essence.
You have superior vitality. (+4 HP)


Message History

There is a stone staircase leading down here.
You fly downwards.
There is a stone staircase leading up here.
d - 2 poisoned darts (gained 1)
You see here a poisoned dart.
The gnoll shouts!
You see here a poisoned dart.
There is a stone staircase leading up here.
The gnoll hits you but does no damage.
You fly upwards.
There is a stone staircase leading down here.
You hit the gnoll but do no damage. The gnoll hits you with a +0 spear.
You hit the gnoll but do no damage. The gnoll barely misses you.
You slash the gnoll!
The gnoll is heavily wounded.
The gnoll hits you with a +0 spear.
You closely miss the gnoll.
The gnoll is heavily wounded.
The gnoll barely misses you.
You hit the gnoll but do no damage.
The gnoll is heavily wounded.
The gnoll barely misses you. The gnoll closely misses you.
You barely miss the gnoll.
The gnoll is heavily wounded.
The gnoll hits you with a +0 spear.
You hit the gnoll but do no damage.
The gnoll is heavily wounded.
The gnoll hits you with a +0 spear!
You barely miss the gnoll.
The gnoll is heavily wounded.
The gnoll hits you with a +0 spear!
* * * LOW HITPOINT WARNING * * *
Throw: 2 darts (poison)
Press: ? - help, Q - select action, (/) - cycle Shift-Dir - straight line, f - gnoll
Aim: a gnoll, wielding a +0 spear and wearing a +0 ring mail (heavily wounded, 67% to hit)
You throw a poisoned dart. The poisoned dart hits the gnoll.
The gnoll is poisoned.
The gnoll is heavily wounded.
The gnoll hits you with a +0 spear!
You die...

#.#.####.##.##
#########.#.#...†....#
#................##..#
#.########............
#.########[.#.#####.##
#.##........#.# #.#
#.##.#####..#.# #.#
#.##.## #..#.# ###.#
#.##g@# #..#.# #...##
#.###.## #..#.###.##.#
#.##...###..........#.
#.#.#.#.##.##.........
#.........[#####...#.#
###.#.#.#### ##.......
#.....## #.......#
#.##.## #####........
#.##.####............


You could see a gnoll (poisoned).

Vanquished Creatures
  Natasha (D:2)
  2 adders (D:1)
  A worm (D:2)
  2 endoplasms
  2 giant cockroaches
  5 goblins
  4 hobgoblins
  2 quokkas (D:1)
  5 ball pythons
  2 bats (D:2)
  A frilled lizard (D:1)
  2 kobolds (D:1)
  6 rats
35 creatures vanquished.

Notes
Turn   | Place    | Note
-------+----------+-------------------------------------------
     0 | D:1      | thromnambular the Djinni Brigand began the quest for the
                  | Orb.
     0 | D:1      | Reached XP level 1. HP: 18/18 MP: 0/0
   153 | D:1      | Reached XP level 2. HP: 21/23 MP: 0/0
   171 | D:1      | Found a faded altar of an unknown god.
   177 | D:1      | Became a worshipper of Makhleb the Destroyer
   177 | D:1      | Reached * piety under Makhleb
  1070 | D:2      | Reached XP level 3. HP: 26/28 MP: 0/0
  1070 | D:2      | Learned a level 1 spell: Shock
  1137 | D:1      | Reached skill level 1 in Axes
  1759 | D:2      | Reached XP level 4. HP: 34/34 MP: 0/0
  1941 | D:2      | Noticed Natasha
  2114 | D:2      | Killed Natasha
  2530 | D:1      | Slain by a gnoll

Illustrated notes

Levels and vault maps discovered:
D:1:      onia_arrival_handbag, layout_loops_ring,
          ebering_ecumenical_altar_sacrificial
D:2:      layout_rooms, uniq_natasha

Skill      XL: |  1  2  3 |
---------------+----------+-----
Short Blades   | 2 |  2.0
Dodging        | 2 |  2.6
Axes           | 1 |  1.4
Fighting       | |  2.8
Throwing       | |  1.5
Stealth        | |  3.4

Action                   |  1- 3 |  4- 6 || total
-------------------------+-------+-------++-------
Melee: Dagger            |    15 |       ||    15
       Hand axe          |    64 |    31 ||    95
Throw: Dart              |     4 |    14 ||    18
 Stab: Sleeping          |     8 |       ||     8
Armor: Robe              |    19 |     5 ||    24
Dodge: Dodged            |    61 |    16 ||    77
